 Dungeon Crawl Stone Soup version 0.31-a0-1499-ge0622b2318 (webtiles) character file.

Game seed: 13544916441298522266

17 DApurpleWHUMPUS the Chiller (level 2, -1/15 HPs)
             Began as a Deep Elf Ice Elementalist on Dec 29, 2023.
             Slain by a dart slug (2 damage)
             ... on level 2 of the Dungeon.
             The game lasted 00:01:22 (780 turns).

DApurpleWHUMPUS the Chiller (DEIE)                   Turns: 780, Time: 00:01:24

Health: -1/15      AC:  2    Str:  5    XL:     2   Next: 44%
Magic:  4/8        EV: 12    Int: 19    God:
Gold:   37         SH:  0    Dex: 15    Spells: 7/8 levels left

rFire   . . .        (no weapon)
rCold   . . .        (no shield)
rNeg    . . .        a - +0 robe
rPois   .            (no helmet)
rElec   .            (no cloak)
rCorr   .            (no gloves)
SInv    .            (no boots)
Will    .....        (no amulet)
Stlth   ++           (no ring)
HPRegen 0.22/turn    (no ring)
MPRegen 0.11/turn

%: no passive effects
@: lethally poisoned (-1 -> -2), very slightly contaminated
A: no striking features
a: no special abilities


You were on level 2 of the Dungeon.
You visited 1 branch of the dungeon, and saw 2 of its levels.

You collected 37 gold pieces.

Inventory:

Armour
 a - a +0 robe (worn)
Scrolls
 c - a scroll of immolation {unknown}
 d - a scroll of identify {unknown}
 e - a scroll of enchant armour {unknown}
 f - a scroll of teleportation {unknown}
Potions
 b - a potion of magic


   Skills:
 - Level 2.4 Dodging
 - Level 2.4 Stealth
 * Level 3.7 Spellcasting
 * Level 4.8 Ice Magic


You had 7 spell levels left.
You knew the following spells:

 Your Spells              Type           Power      Damage    Failure   Level
a - Freeze                Ice            84%        1d9       1%          1

Your spell library contained the following spells:

 Spells                   Type           Power      Damage    Failure   Level
 Frozen Ramparts          Ice            42%        1d7       6%          3
 Ozocubu's Armour         Ice            21%        N/A       6%          3
 Summon Ice Beast         Ice/Summ       12%        N/A       16%         3


Dungeon Overview and Level Annotations

Branches:
Dungeon (2/15)

Altars:


Message History

Magic restored.
You now have 28 gold pieces (gained 5).
There is a stone staircase leading up, spattered with blood here.
You see here a +0 mace.
You now have 34 gold pieces (gained 6).
You now have 37 gold pieces (gained 3).
f - a scroll labelled XICAAD VIQOMEOT An adder comes into view.
An adder is nearby!
You can't see any susceptible monsters within range! (Use Z to cast anyway.)
An adder is nearby!
Found 5 stones and 13 gold pieces.
A dart slug comes into view.
Found 16 gold pieces.
The adder barely misses you. The dart slug completely misses you.
You freeze the adder.
The adder is heavily wounded.
The adder seems to slow down.
The adder bites you.
You are poisoned.
The adder poisons you!
You miscast Freeze.
You are very lightly contaminated with residual magic.
Nothing appears to happen.
You feel sick. The dart slug bites you. The adder completely misses you.
You freeze the adder.
The adder is severely wounded.
The adder seems to slow down.
You feel sick. The adder bites you. The dart slug launches a dart at you.
The slug dart hits you.
* * * LOW HITPOINT WARNING * * *
Casting: Freeze (safe; 1% risk of failure)
Confirm with . or Enter, or press ? or * to list all spells.
Aiming: Freeze (safe; 1% risk of failure)
Press: ? - help, Shift-Dir - straight line, f/p - adder
Aim: an adder (severely wounded, slow)
You freeze the adder.
You kill the adder!
* * * LOW HITPOINT WARNING * * *
You feel sick. The dart slug bites you.
You die...

....... #.#
....... #.#
#...### #.# ...
#.# ###.#####.#
.......#..#
.........##
........#....$#
.......@#....##
........w....#
..####.##..(.#
. .. ...... ...
..$.#. ##..
...# #.. ..#
#.. ..#


You could see a dart slug.

Vanquished Creatures
  An adder (D:2)
  A dart slug (D:1)
  2 endoplasms (D:1)
  A giant cockroach (D:1)
  3 hobgoblins (D:1)
  2 ball pythons
  A frilled lizard (D:1)
  A goblin (D:2)
  2 kobolds (D:1)
  2 rats (D:1)
16 creatures vanquished.

Notes
Turn   | Place    | Note
-------+----------+-------------------------------------------
     0 | D:1      | DApurpleWHUMPUS the Deep Elf Ice Elementalist began the
                  | quest for the Orb.
     0 | D:1      | Reached XP level 1. HP: 10/10 MP: 6/6
   340 | D:1      | Reached XP level 2. HP: 15/15 MP: 5/8
   780 | D:2      | Slain by a dart slug

Illustrated notes

Levels and vault maps discovered:
D:1:      dpeg_arrival_fog, layout_basic
D:2:      layout_rooms, uniq_jessica, uniq_sigmund

Action                     || total
---------------------------++-------
  Melee: Unarmed           ||     6
   Cast: Freeze            ||    25
   Stab: Sleeping          ||     1
 Armour: Robe              ||    20
  Dodge: Dodged            ||    25

Table legend: (Time is in decaauts)
 A = Elapsed time spent in this place.
 B = Non-inter-level travel time spent in this place.
 C = Inter-level travel time spent in this place.
 D = Time resting spent in this place.
 E = Time spent auto-exploring this place.
 F = Levels seen in this place.
 G = Mean time per level.
                   A        B        C        D        E       F      G
               +--------+--------+--------+--------+--------+-----+--------+
         Total |    784 |    772 |     12 |     99 |    547 |   2 |  392.0 |
       Dungeon |    784 |    772 |     12 |     99 |    547 |   2 |  392.0 |
               +--------+--------+--------+--------+--------+-----+--------+

Top non-repeatable levels by time:
     D:1: 716 daAuts
     D:2: 68 daAuts
